AoeStats
← wu

Hill Fort

506430523Analyzed
2v2 RM · 19d ago on Sep 13, 2026· 59m 22s· 4 players
Game mode
Random Map
Map size
Medium (4 player)
Population
200
Speed
Normal
Resources
Standard
Victory
Conquest
Starting age
Dark Age
Ending age
Imperial Age
RankedLock teamsTeams togetherTeam positionsShared explorationLock speedFull tech treeHidden civsTurbo modeCheats
Victory
Defeat
🇹🇼 Wu · Taiwan
598
+31
🇹🇼 Khmer · Taiwan
577
+25
🇦🇷 Vietnamese · Argentina
645
-18
🇦🇷 Khmer · Argentina
603
-17
k1753688509
13:44 Feudal Age
14:10 Double-Bit Axe
15:34 Horse Collar
19:17 Castle Age
23:15 Scale Barding Armor
23:14 Husbandry
23:25 Bloodlines
23:43 Bow Saw
23:47 Heavy Plow
27:47 Imperial Age
25:56 Town Watch
26:47 Wheelbarrow
26:14 Gold Mining
26:48 Forging
31:23 Town Patrol
32:05 Hand Cart
31:59 Tusk Swords
34:27 Elite Battle Elephant
36:23 Conscription
38:07 Chain Barding Armor
38:23 Iron Casting
38:39 Loom
39:58 Ballistics
40:43 Chemistry
48:02 Plate Barding Armor
48:28 Blast Furnace
51:23 Hoardings
wu
9:42 Feudal Age
13:26 Double-Bit Axe
13:59 Horse Collar
16:35 Gold Mining
16:36 Stone Mining
23:54 Castle Age
24:38 Fletching
24:50 Padded Archer Armor
25:57 Stone Shaft Mining
25:58 Gold Shaft Mining
31:39 Imperial Age
32:00 Bodkin Arrow
34:06 Elite Fire Archer
37:58 Heavy Plow
46:53 Bow Saw
47:36 Conscription
48:33 Two-Man Saw
50:09 Red Cliffs Tactics
52:00 Bracer
52:15 Leather Archer Armor
53:17 Scale Mail Armor
olivera.mariano
5:43 Loom
10:56 Feudal Age
12:27 Wheelbarrow
11:46 Horse Collar
14:43 Double-Bit Axe
15:35 Town Watch
21:54 Castle Age
20:09 Gold Mining
20:10 Stone Mining
20:22 Fletching
21:46 Scale Barding Armor
22:11 Scale Mail Armor
22:59 Hand Cart
25:10 Bow Saw
26:59 Chain Mail Armor
28:30 Town Patrol
28:14 Elite Skirmisher
30:03 Murder Holes
30:41 Padded Archer Armor
32:18 Leather Archer Armor
38:19 Imperial Age
38:51 Elite Fire Lancer
40:17 Pikeman
42:05 Plate Mail Armor
41:00 Halberdier
49:17 Two-Man Saw
52:42 Paper Money
54:32 Imperial Skirmisher
agusstre
0:47 Loom
10:01 Feudal Age
10:43 Double-Bit Axe
10:55 Horse Collar
12:24 Wheelbarrow
20:10 Castle Age
19:00 Stone Mining
21:00 Gold Mining
22:20 Gold Shaft Mining
22:02 Bow Saw
22:03 Town Watch
31:40 Imperial Age
29:21 Heavy Plow
30:38 Hand Cart
32:14 Murder Holes
32:11 Heated Shot
34:18 Crop Rotation
35:28 Conscription
35:57 Fervor
39:07 Chemistry
38:28 Ballistics
38:20 Masonry
38:06 Fletching
38:17 Padded Archer Armor
38:18 Scale Mail Armor
40:37 Double Crossbow
40:59 Bodkin Arrow
41:20 Leather Archer Armor
45:24 Town Patrol
45:38 Redemption
50:45 Hoardings
49:40 Sappers
50:27 Elite Ballista Elephant
51:25 Herbal Medicine
51:31 Devotion
51:57 Illumination
52:08 Theocracy
51:54 Sanctity
58:54 Faith
Connection lost

Rejoining the realm…

Still unreachable

The connection could not be restored.

Session expired

The server has moved on; the page needs a fresh start.